 Dungeon Crawl Stone Soup version 0.17-a0-1123-g6d3914c (webtiles) character file.

50 Kisielow the Chiller (level 3, 0/24 HPs)
             Began as a Merfolk Ice Elementalist on May 24, 2015.
             Hit by a goblin thrown by Robin (2 damage)
             ... on level 2 of the Dungeon.
             The game lasted 00:05:54 (1467 turns).

Kisielow the Chiller (Merfolk Ice Elementalist)     Turns: 1467, Time: 00:05:54

Health: 0/24       AC:  3    Str:  8    XL:     3   Next: 79%
Magic:  2/6        EV:  7    Int: 14    God:
Gold:   122        SH:  0    Dex: 15    Spells: 3 memorised, 0 levels left

rFire  . . .     SeeInvis .     i - +0 spear
rCold  . . .     Clarity  .     m - +0 leather armour
rNeg   . . .     SustAt   .     (no shield)
rPois  .         Gourm    .     (no helmet)
rElec  .         Spirit   .     (no cloak)
rCorr  .         Warding  .     (no gloves)
rMut   .         Stasis   .     (no boots)
MR     .....                    (no amulet)
Stlth  ++........               (no ring)
                                (no ring)

@: very slightly contaminated, not resistant to hostile enchantments, unstealthy
A: change form in water, swift swim
a: no special abilities


You were on level 2 of the Dungeon.
You were hungry.

You visited 1 branch of the dungeon, and saw 2 of its levels.

You collected 122 gold pieces.

Inventory:

Hand weapons
 i - a +0 spear (weapon)
Armour
 m - a +0 leather armour (worn)
Scrolls
 j - 2 scrolls of remove curse
 k - 2 scrolls of identify
Books
 b - a book of Frost

   Spells                             Type                      Level
   a - Freeze                         Ice                          1
   b - Throw Frost                    Conjuration/Ice              2
   c - Ozocubu's Armour               Charms/Ice                   3
   d - Throw Icicle                   Conjuration/Ice              4
   e - Summon Ice Beast               Ice/Summoning                4
   f - Condensation Shield            Ice                          4
Comestibles
 a - a chunk of flesh
 c - 2 bread rations
 f - a meat ration
 g - a slice of pizza


   Skills:
 - Level 2.6 Dodging
 - Level 2.1 Stealth
 - Level 2.0 Spellcasting
 - Level 0.7 Conjurations
 * Level 0.4 Charms
 - Level 5.0 Ice Magic


You couldn't memorise any spells.
You knew the following spells:

 Your Spells              Type           Power        Failure   Level  Hunger
a - Freeze                Ice            ###.         4%          1    ##.....
b - Throw Frost           Conj/Ice       #.....       21%         2    ###....
q - Ozocubu's Armour      Chrm/Ice       #.......     38%         3    ####...


Dungeon Overview and Level Annotations

Branches:
Dungeon (2/15)

Altars:
Ru

Annotations:
D:2 Robin


Message History

Read which item? (? for menu, Esc to quit)
As you read the scroll labeled RIDEHE RA SUG, it crumbles to dust.
You feel aware of your surroundings.
You sensed 3 altars.
It was a scroll of magic mapping.
Robin misses you.
Read which item? (? for menu, Esc to quit)
Blink to where?
Press: ? - help, Dir - move target cursor, p - Robin
As you read the scroll labeled HOUM SOWKEEXZUEQ, it crumbles to dust.
It was a scroll of blinking.
The goblin shoots a stone.
The stone misses you.
The goblin shoots a stone.
The stone barely misses you.
The goblin shoots a stone.
The stone completely misses you.
The goblin shoots a stone.
The stone hits you.
* * * LOW HITPOINT WARNING * * *
You see here a stone.
The goblin shoots a stone.
The stone closely misses you.
You see here a stone.
There is a stone staircase leading up here.
Robin throws the goblin at you!
You die...

********* ########
*.......* ...#...##
*.......*
........########*.......*
..............(##.......*
..(............#........*
..(............(........*
...............(#.......*
...........g..((@.......*
#...#..........#.g......*
..###..............#####*
##* #..............#*
****##...#...###....#****
,,,....#.#...# ###....,,*
*,,#####...#.#****..###**
,,,,,* ###....,,,,.(.*
****,** *......,,,,,,*


You could see Robin and a goblin.

Vanquished Creatures
  An ooze (D:2)
  A worm (D:2)
  2 giant geckos (D:1)
  4 giant cockroaches
  11 goblins
  6 hobgoblins
  2 jackals (D:1)
  A kobold (D:1)
  5 bats
  3 rats
36 creatures vanquished.

Notes
Turn   | Place    | Note
--------------------------------------------------------------
     0 | D:1      | Kisielow the Merfolk Ice Elementalist began the quest for the Orb.
     0 | D:1      | Reached XP level 1. HP: 13/13 MP: 3/3
   207 | D:1      | Reached XP level 2. HP: 19/19 MP: 3/5
   319 | D:1      | Reached skill level 4 in Ice Magic
   756 | D:2      | Noticed Robin
   836 | D:2      | Found a sacrificial altar of Ru.
   846 | D:2      | Reached XP level 3. HP: 15/24 MP: 1/6
  1059 | D:2      | Learned a level 3 spell: Ozocubu's Armour
  1062 | D:2      | Learned a level 2 spell: Throw Frost
  1113 | D:1      | Reached skill level 5 in Ice Magic
  1464 | D:2      | HP: 1/24 [goblin/stone[Robin] (4)]
  1467 | D:2      | Hit by a goblin thrown by Robin

Vault maps used:
D:1:      roderic_chinese_lattice_arrival
D:2:      minitemple, lemuel_doored_altar, uniq_robin

Action                   || total
-------------------------++-------
Melee: Spear             ||    45
       Unarmed           ||     4
 Cast: Freeze            ||    43
  Use: Scroll            ||     5
       Potion            ||     2
 Stab: Sleeping          ||     3
       Distracted        ||     1
  Eat: Chunk             ||     2
